 Dungeon Crawl Stone Soup version 0.31.0-12-g77e489cdc1 (webtiles) character file.

Game seed: 5448268341073489867

1619 Ekaitz the Apothecary (level 8, -6/58 HPs)
             Began as a Demonspawn Alchemist on Feb 13, 2024.
             Was an Initiate of Makhleb.
             Mangled by a yak (8 damage)
             ... on level 6 of the Dungeon on Feb 14, 2024.
             The game lasted 00:13:00 (5427 turns).

Ekaitz the Apothecary (Demonspawn Alchemist)        Turns: 5427, Time: 00:13:00

Health: -6/58      AC:  2    Str: 10    XL:     8   Next: 64%
Magic:  6/13       EV: 13    Int: 17    God:    Makhleb [......]
Gold:   255        SH:  0    Dex: 13    Spells: 4/14 levels left

rFire   . . .        c - +0 dagger (elec)
rCold   . . .        (no shield)
rNeg    . . .        a - +0 robe
rPois   .            (no helmet)
rElec   .            (no cloak)
rCorr   .            (no gloves)
SInv    .            (no boots)
Will    .....        n - amulet of magic regeneration
Stlth   ++           (no ring)
HPRegen 0.29/turn    (no ring)
MPRegen 0.53/turn

%: no passive effects
@: very slightly contaminated
A: claws 2, hooves 2, weakness stinger 1
a: Renounce Religion


You were on level 6 of the Dungeon.
You worshipped Makhleb.
Makhleb was noncommittal.
You visited 1 branch of the dungeon, and saw 6 of its levels.

You collected 255 gold pieces.

Inventory:

Hand Weapons
 c - a +0 dagger of electrocution (weapon)
 h - a +0 sling of flaming
 l - a +0 morningstar
 v - a +1 whip of freezing
Missiles
 p - a throwing net
Armour
 a - a +0 robe (worn)
Jewellery
 n - an amulet of magic regeneration (around neck)
Talismans
 q - a talisman of death
Wands
 k - a wand of polymorph (8)
Scrolls
 d - a scroll of fog {unknown}
 e - 4 scrolls of identify {unknown}
 f - a scroll of teleportation {unknown}
 m - a scroll of noise {unknown}
 s - a scroll of butterflies {unknown}
 t - a scroll of immolation {unknown}
Potions
 b - a potion of magic
 g - 4 potions of might {unknown}
 i - 2 potions of heal wounds {unknown}
 j - a potion of berserk rage {unknown}
 o - 2 potions of cancellation {unknown}
 r - a potion of haste {unknown}
 u - a potion of curing {unknown}


   Skills:
 * Level 3.4 Fighting
 + Level 1.7 Short Blades
 * Level 3.7 Dodging
 + Level 3.2 Stealth
 + Level 3.7 Spellcasting
 * Level 3.4 Conjurations
 * Level 3.2 Air Magic
 * Level 6.2 Alchemy
 * Level 3.7 Invocations


You had 4 spell levels left.
You knew the following spells:

 Your Spells              Type           Power      Damage    Failure   Level
a - Sting                 Conj/Alch      76%        1d7       2%          1
b - Mercury Vapours       Alch/Air       38%        N/A       3%          2
c - Mephitic Cloud        Conj/Alch/Air  17%        N/A       9%          3
d - Olgreb's Toxic Radia  Alch           24%        N/A       12%         4

Your spell library contained the following spells:

 Spells                   Type           Power      Damage    Failure   Level
 Freeze                   Ice            12%        1d3       16%         1
 Slow                     Hex            12%        N/A       16%         1
 Hailstorm                Conj/Ice       9%         3d6       24%         3
 Sticky Flame             Fire/Alch      13%        2d5       41%         4
 Confusing Touch          Hex            3%         N/A       43%         3
 Frozen Ramparts          Ice            6%         1d1       43%         3
 Fugue of the Fallen      Necr           3%         N/A       43%         3
 Ozocubu's Armour         Ice            3%         N/A       43%         3
 Sigil of Binding         Hex            3%         N/A       43%         3
 Summon Ice Beast         Ice/Summ       3%         N/A       43%         3
 Vampiric Draining        Necr           3%         2d6       43%         3
 Manifold Assault         Tloc           3%         N/A       85%         4
 Summon Mana Viper        Hex/Summ       3%         N/A       99%         5
 Monstrous Menagerie      Summ           1%         N/A       100%        7


Dungeon Overview and Level Annotations

Branches:
Dungeon (6/15)             Temple (0/1) D:4

Altars:
Fedhas
Gozag
Makhleb
Ru
Sif Muna
Xom

Annotations:
D:5 2 runed translucent doors, Consumeair16's ghost, novice DrFi; Crazy Yiuf


Innate Abilities, Weirdness & Mutations

You have very sharp fingernails.
You have hoof-like feet.
You have a small tail.


Message History

Casting: Mercury Vapours (safe; 3% risk of failure)
Confirm with . or Enter, or press ? or * to list all spells.
You begin to radiate toxic energy.
The yak is poisoned. x2
The yak looks even sicker.
The yak is poisoned.
The yak looks even sicker.
The yak looks as sick as possible!
The yak looks even sicker.
Unknown command.
The yak looks even sicker. x2
Your toxic aura wanes.
Unknown command.
You kill the yak!
Makhleb accepts your kill. The yak attacks as it pursues you!
The yak misses you.
Unknown command.
The yak attacks as it pursues you! The yak completely misses you.
You barely miss the yak. You kick the yak.
Your tail-slap misses the yak.
The yak is lightly wounded.
The yak gores you!
Casting: Olgreb's Toxic Radiance (dangerous; 12% risk of failure)
Confirm with . or Enter, or press ? or * to list all spells.
You begin to radiate toxic energy.
The yak looks as sick as possible!
The yak looks even sicker. x2; The yak looks as sick as possible! x2
The yak barely misses you.
Unknown command.
You hit the yak. You kick the yak, but do no damage.
The yak is moderately wounded.
The yak closely misses you.
Unknown command.
You hit the yak.
The yak is heavily wounded.
The yak looks as sick as possible!
The yak gores you!
* * * LOW HITPOINT WARNING * * *
Unknown command.
You hit the yak but do no damage.
The yak is heavily wounded.
Your toxic aura wanes.
The yak gores you.
* * * LOW HITPOINT WARNING * * *
Unknown command.
The yak attacks as it pursues you! The yak gores you!
You die...

###### #..Y@#
#..#Y# #..#.#
###
####...Y#...##
.............#
.............#
.............#
.............#
.............#


You could see 3 yaks.

Vanquished Creatures
  Pikel (D:5)
  Sigmund (D:5)
  A yak (D:6)
  Eustachio (D:5)
  2 ogres
  2 lemures (D:5)
  2 scorpions (D:5)
  A hound (D:5)
  An orc priest (D:4)
  A bombardier beetle (D:4)
  2 jellies
  Jessica (D:3)
  Terence (D:3)
  2 orc wizards
  4 gnolls (D:5)
  5 adders
  2 ufetubi (D:3)
  2 dart slugs
  3 ribbon worms (D:3)
  12 orcs
  6 ball pythons
  7 bats
  3 endoplasms (D:1)
  3 giant cockroaches
  6 goblins
  4 hobgoblins
  3 jackals (D:1)
  3 quokkas
  6 kobolds
  2 rats (D:1)
90 creatures vanquished.

Notes
Turn   | Place    | Note
-------+----------+-------------------------------------------
     0 | D:1      | Ekaitz the Demonspawn Alchemist began the quest for the
                  | Orb.
     0 | D:1      | Reached XP level 1. HP: 13/13 MP: 3/3
   245 | D:1      | Discovered your monstrous ancestry.
   245 | D:1      | Gained mutation: You have sharp fingernails. [demonic
                  | ancestry]
   245 | D:1      | Reached XP level 2. HP: 19/20 MP: 0/5
   248 | D:1      | Learned a level 2 spell: Mercury Vapours
   999 | D:1      | Gained mutation: You have large cloven feet. [demonic
                  | ancestry]
   999 | D:1      | Reached XP level 3. HP: 25/25 MP: 6/6
  1178 | D:1      | Found a faded altar of an unknown god.
  1325 | D:2      | Reached skill level 1 in Fighting
  1329 | D:2      | Learned a level 3 spell: Mephitic Cloud
  1911 | D:3      | Found a sacrificial altar of Ru.
  1942 | D:3      | Reached skill level 4 in Alchemy
  1942 | D:3      | Reached XP level 4. HP: 15/32 MP: 1/7
  2180 | D:3      | Noticed Jessica
  2193 | D:3      | Killed Jessica
  2374 | D:3      | Noticed Terence
  2383 | D:3      | Killed Terence
  2384 | D:3      | Gained mutation: You have a small tail. [demonic ancestry]
  2384 | D:3      | Reached XP level 5. HP: 32/37 MP: 3/8
  3429 | D:4      | Found a burning altar of Makhleb.
  3458 | D:4      | Became a worshipper of Makhleb the Destroyer
  3503 | D:4      | Reached skill level 1 in Air Magic
  3710 | D:4      | Found a shimmering blue altar of Sif Muna.
  3729 | D:4      | Reached skill level 1 in Short Blades
  3729 | D:4      | Reached XP level 6. HP: 16/44 MP: 7/9
  3859 | D:4      | Found a staircase to the Ecumenical Temple.
  3939 | D:4      | Reached skill level 1 in Invocations
  4154 | D:5      | Entered Level 5 of the Dungeon
  4172 | D:5      | Learned a level 4 spell: Olgreb's Toxic Radiance
  4233 | D:5      | Found a blossoming altar of Fedhas.
  4291 | D:5      | Reached skill level 5 in Alchemy
  4291 | D:5      | Gained mutation: You have hoof-like feet. [demonic
                  | ancestry]
  4291 | D:5      | Reached XP level 7. HP: 50/50 MP: 7/11
  4507 | D:5      | Found a runed translucent door.
  4511 | D:5      | Noticed Consumeair16's ghost (novice DrFi)
  4519 | D:5      | Found a shimmering altar of Xom.
  4519 | D:5      | Found an opulent altar of Gozag.
  4521 | D:5      | Noticed Sigmund
  4539 | D:5      | Killed Sigmund
  4835 | D:5      | Noticed Eustachio
  4857 | D:5      | Killed Eustachio
  4858 | D:5      | Gained mutation: You have very sharp fingernails. [demonic
                  | ancestry]
  4858 | D:5      | Reached XP level 8. HP: 43/57 MP: 9/13
  4941 | D:5      | Noticed Pikel
  4964 | D:5      | Killed Pikel
  4965 | D:5      | Reached skill level 6 in Alchemy
  5229 | D:5      | Found a runed translucent door.
  5230 | D:5      | Noticed Crazy Yiuf
  5426 | D:6      | HP: 1/58 [yak (2)]
  5427 | D:6      | Mangled by a yak

Illustrated notes

Levels and vault maps discovered:
D:1:      minmay_arrival_up_and_down, layout_basic,
          ebering_ecumenical_altar_petrified, minmay_tetromino_i2
D:2:      layout_basic
D:3:      layout_loops_corners, nicolae_ru_awakened_eye, uniq_terence,
          uniq_jessica
D:4:      layout_loops_ring, lemuel_round_altar, lemuel_doored_altar,
          temple_doors_e
D:5:      layout_rooms, mainiacjoe_overflow_catch_the_wave,
          kennysheep_little_box, ebering_ghost_reflecting_pool,
          grunt_decor_mini_mirrors, uniq_crazy_yiuf_cottage, uniq_sigmund,
          uniq_eustachio, uniq_pikel
D:6:      layout_basic, minmay_misc_feat_tiny, uniq_prince_ribbit1

Skill      XL: |  1  2  3  4  5  6  7  8 |
---------------+-------------------------+-----
Fighting       | 1 2 3 |  3.4
Dodging        | 2 3 |  3.7
Alchemy        | 4 5 6 |  6.2
Stealth        | 2 3 |  3.2
Air Magic      | 1 2 3 |  3.2
Short Blades   | 1 |  1.7
Conjurations   | 2 3 |  3.4
Invocations    | 1 2 3 |  3.7
Spellcasting   | 3 |  3.7

Action                     |  1- 3 |  4- 6 |  7- 9 || total
---------------------------+-------+-------+-------++-------
  Melee: Dagger            |    81 |    69 |    69 ||   219
         Kick              |    12 |    19 |    15 ||    46
         Punch             |       |     2 |       ||     2
         Tailslap          |       |     5 |     9 ||    14
   Cast: Sting             |    44 |    41 |    18 ||   103
         Mercury Vapours   |     6 |     9 |    16 ||    31
         Mephitic Cloud    |       |       |     2 ||     2
         Olgreb's Toxic Ra |       |       |     2 ||     2
   Stab: Sleeping          |     4 |     2 |     2 ||     8
         Distracted        |     1 |       |       ||     1
         Confused          |       |       |     2 ||     2
 Armour: Robe              |    57 |    45 |    41 ||   143
  Dodge: Dodged            |    59 |    66 |    39 ||   164
